 Dungeon Crawl Stone Soup version 0.29-a0-1043-g569b05d6ff (webtiles) character file.

Game seed: 2867714435227979389

37 spiderkeys the Digger (level 3, 0/21 HPs)
             Began as an Octopode Earth Elementalist on Aug 16, 2022.
             Slain by Robin
             ... wielding a +2 dagger of pain
              (1 damage)
             ... on level 2 of the Dungeon.
             The game lasted 00:04:21 (1358 turns).

spiderkeys the Digger (Octopode Earth Elementalist) Turns: 1358, Time: 00:04:21

Health: 0/21       AC:  1    Str:  7    XL:     3   Next: 39%
Magic:  2/6        EV: 12    Int: 19    God:
Gold:   81         SH:  4    Dex: 12    Spells: 6/7 levels left

rFire   . . .      SeeInvis .   p - +2 mace (protect)
rCold   . . .      Faith    .   g - +1 buckler "Viqivar" {rPois Regen+}
rNeg    . . .      Spirit   .   (helmet restricted)
rPois   +          Reflect  .   (no amulet)
rElec   .          Harm     .   (no ring)
rCorr   .          Rampage  .   (no ring)
Will    .....                   (no ring)
Stlth   +++.......              (no ring)
HPRegen 0.87/turn               (no ring)
MPRegen 0.10/turn               (no ring)
                                (no ring)
                                (no ring)

@: no status effects
A: almost no armour, amphibious, 8 rings, camouflage 1, gelatinous body 1,
(nimble swimmer 1), tentacles
a: no special abilities


You were on level 2 of the Dungeon.
You visited 1 branch of the dungeon, and saw 2 of its levels.

You collected 107 gold pieces.
You spent 26 gold pieces at shops.


Innate Abilities, Weirdness & Mutations

You cannot wear most types of armour.
You are amphibious.
You can wear up to eight rings at the same time.
Your skin changes colour to match your surroundings (Stealth+).
Your rubbery body absorbs attacks. (AC +1, EV +1)
((You are camouflaged when in or above water. (Stealth+)))
You have tentacles for arms and can constrict up to eight enemies at once.


   Skills:
 - Level 2.0 Dodging
 - Level 3.3 Stealth
 + Level 0.8 Shields
 + Level 2.6 Spellcasting
 - Level 1.0 Transmutations
 + Level 3.4 Earth Magic


You had 6 spell levels left.
You knew the following spells:

 Your Spells              Type           Power      Damage    Failure   Level
s - Sandblast             Erth           30%        2d9       5%          1

Your spell library contained the following spells:

 Spells                   Type           Power      Damage    Failure   Level
 Passwall                 Tmut/Erth      8%         N/A       13%         2
 Magic Dart               Conj           8%         1d3       22%         1
 Searing Ray              Conj           4%         2d4       32%         2
 Stone Arrow              Conj/Erth      18%        3d8       32%         3
 Petrify                  Tmut/Erth      10%        N/A       65%         4
 Fulminant Prism          Conj/Hex       1%         3d6       91%         4

Inventory:

Hand Weapons
 l - a +0 dagger
   (You took it off a goblin on level 2 of the Dungeon)
 p - a +2 mace of protection (weapon)
   (You found it on level 2 of the Dungeon)
Missiles
 c - 5 atropa-tipped darts
 f - 22 stones
Armour
 g - the +1 buckler "Viqivar" (worn) {rPois Regen+}
   (You acquired it on level 1 of the Dungeon)

   rPois:     It protects you from poison.
   Regen:     It increases your rate of health regeneration.
Wands
 h - a wand of polymorph (10)
   (You found it on level 2 of the Dungeon)
Scrolls
 b - a scroll of fear
 n - a scroll of magic mapping {unknown}
Potions
 a - a potion of magic
 d - 2 potions of curing {unknown}
 e - a potion of mutation {unknown}
 i - 2 potions of attraction {unknown}
 j - a potion of berserk rage {unknown}
 k - a potion of flight {unknown}
 m - a potion of lignification {unknown}
 o - a potion of resistance {unknown}

Dungeon Overview and Level Annotations

Branches:
Dungeon (2/15) Zot: 10612

Altars:

Shops:
D:1 ?:?(

Annotations:
D:2 Robin

......# ......# .# ......#
..# ......# .. ##.#### .# #
#.# ##.###.#. #.#
##........ ##.###
#.#######.......## .....#
#.....)@g......... ##...#
###########.###### ####.#
##.#########.####### .....#
#...................
###..####.########.########
...................#
###..####..........#
.....####...######.#
###........## #.#


You could see Robin.


Message History

You puncture the endoplasm!
You kill the endoplasm!
No target in view!
No target in view!
You see here a +2 mace of protection.
p - a +2 mace of protection Your +2 mace of protection hums with potential!
p - a +2 mace of protection (weapon)
An endoplasm comes into view.
An endoplasm is nearby!
The blast of sand hits the endoplasm!
You kill the endoplasm!
A hobgoblin comes into view. 😎 MP[-1]
You lost 1 mp, and now have 5/6 mp.
A goblin comes into view. It is wielding a +0 club.
A goblin comes into view. It is wielding a +0 club.
A goblin comes into view. It is wielding a +0 dagger.
The helpless goblin fails to defend itself.
You hit the goblin.
Your weapon exudes an aura of protection.
Robin shouts!
The goblin shouts! x2; The hobgoblin shouts!
Your grab misses the goblin.
You hear an angry hiss. x2
Robin roars a battlecry!
The goblin goes into a battle-frenzy!
The goblin hits you but does no damage.
The goblin unwields a +0 club.
The goblin wields a +0 sling.
The goblin shoots a sling bullet.
You block the sling bullet.
Robin roars a battlecry!
The goblins go into a battle-frenzy!
The goblin barely misses you.
The goblin shoots a sling bullet.
You block the sling bullet.
You barely miss the goblin. Your grab misses the goblin.
Your squeeze misses the goblin. You block the goblin's attack. 😎 MP[+1]
Your mp is fully restored (6).
Unknown command.
You closely miss the goblin. Your grab misses the goblin.
You squeeze the goblin.
You kill the goblin!
The hobgoblin barely misses you.
You see here a +0 club.
The blast of sand hits the hobgoblin!
You kill the hobgoblin!
The goblin hits you with a +0 dagger. 😮 HP[-6] MP[-1]
You take 6 damage, and now have 15/21 hp.
MASSIVE DAMAGE!! (PAUSE)
You lost 1 mp, and now have 5/6 mp.
You are too injured to fight recklessly!
Casting: Sandblast (safe; 5% risk of failure)
Confirm with . or Enter, or press ? or * to list all spells.
Aiming: Sandblast (safe; 5% risk of failure)
Press: ? - help, Shift-Dir - straight line, f - goblin
Aim: a goblin, wielding a +0 dagger (strong, 77% to hit)
The blast of sand hits the goblin!
You kill the goblin!
Robin throws the goblin at you!
The goblin unwields a +0 sling.
The goblin wields a +0 club.
The goblin hits you with a +0 club.
* * * LOW HITPOINT WARNING * * *
😨 HP[-6] MP[-1]
You take 6 damage, and now have 9/21 hp.
MASSIVE DAMAGE!! (PAUSE)
You lost 1 mp, and now have 4/6 mp.
Casting: Sandblast (safe; 5% risk of failure)
Confirm with . or Enter, or press ? or * to list all spells.
Aiming: Sandblast (safe; 5% risk of failure)
Press: ? - help, Shift-Dir - straight line, f - goblin
Aim: a goblin, wielding a +0 club (strong, 77% to hit)
The blast of sand hits the goblin!
You kill the goblin!
Robin hits you with a +2 dagger of pain.
* * * LOW HITPOINT WARNING * * *
Robin misses you. 😱 HP[-5] MP[-1]
You take 5 damage, and now have 4/21 hp.
MASSIVE DAMAGE!! (PAUSE)
You lost 1 mp, and now have 3/6 mp.
Casting: Sandblast (safe; 5% risk of failure)
Confirm with . or Enter, or press ? or * to list all spells.
Aiming: Sandblast (safe; 5% risk of failure)
Press: ? - help, Shift-Dir - straight line, f - Robin
Aim: Robin, wielding a +2 dagger of pain, wearing a +0 animal skin and wearing a +0 helmet (87% to hit)
The blast of sand hits Robin!
Robin closely misses you.
Robin hits you with a +2 dagger of pain.
* * * LOW HITPOINT WARNING * * *
😱 HP[-2] MP[-1]
You take 2 damage, and now have 2/21 hp.
You lost 1 mp, and now have 2/6 mp.
Casting: Sandblast (safe; 5% risk of failure)
Confirm with . or Enter, or press ? or * to list all spells.
Aiming: Sandblast (safe; 5% risk of failure)
Press: ? - help, Shift-Dir - straight line, f/p - Robin
Aim: Robin, wielding a +2 dagger of pain, wearing a +0 animal skin and wearing a +0 helmet (heavily wounded, 87% to hit)
The blast of sand hits Robin.
Robin barely misses you.
Robin hits you with a +2 dagger of pain.
* * * LOW HITPOINT WARNING * * *
You writhe in agony.
You die...

Skill      XL: |  1 |
---------------+----+-----
Stealth        | 3 |  3.3
Dodging        | |  2.0
Shields        | |  0.8
Spellcasting   | |  2.6
Transmutations | |  1.0
Earth Magic    | |  3.4

Action                   || total
-------------------------++-------
Melee: Unarmed           ||    13
       Constrict         ||     8
       Tentacles         ||     5
       Mace              ||     3
       Dagger            ||     2
 Cast: Sandblast         ||    29
  Use: Scroll            ||     3
 Stab: Sleeping          ||     3
Armor: Skin              ||     5
Dodge: Dodged            ||    19
Block: Buckler           ||     6

Levels and vault maps discovered:
D:1:      roderic_dead_forest, layout_basic, serial_shops, shop, shop_coins,
          shop, shop, chequers_ecumenical_altar_simple, minivault_26
D:2:      layout_loops_ring, serial_shops, shop, basic_altar, uniq_jessica,
          uniq_sigmund, uniq_robin

Notes
Turn   | Place    | Note
-------+----------+-------------------------------------------
     0 | D:1      | spiderkeys the Octopode Earth Elementalist began the quest
                  | for the Orb.
     0 | D:1      | Reached XP level 1. HP: 11/11 MP: 3/3
     0 | D:1      | magus.rc [v1.11.3]
   275 | D:1      | Found Afaux's Antique Weapon Boutique.
   310 | D:1      | Found Cohej's Magic Scroll Boutique.
   312 | D:1      | Found a faded altar of an unknown god.
   314 | D:1      | Reached skill level 3 in Stealth
   336 | D:1      | You pick up a book of Conjurations and begin reading...
   336 | D:1      | You add the spells Magic Dart, Searing Ray and Fulminant
                  | Prism to your library.
   370 | D:1      | Found Lomyh's Magic Scroll Boutique.
   374 | D:1      | Reached XP level 2. HP: 17/17 MP: 3/5
   810 | D:1      | Found Cugh's Book Shoppe.
  1038 | D:1      | Bought a scroll of identify for 26 gold pieces
  1039 | D:1      | Identified a scroll of acquirement
  1040 | D:1      | Acquired the +1 buckler "Viqivar" {rPois Regen+}
  1102 | D:2      | Noticed Robin
  1126 | D:2      | Reached XP level 3. HP: 13/21 MP: 4/6
  1356 | D:2      | HP: 4/21 [Robin/+2 dagger of pain (6)]
  1358 | D:2      | HP: 1/21 [Robin/+2 dagger of pain (3)]
  1358 | D:2      | Slain by Robin

Vanquished Creatures
  2 ball pythons (D:1)
  A bat (D:1)
  4 endoplasms
  2 giant cockroaches (D:1)
  9 goblins
  5 hobgoblins
  A kobold (D:1)
  4 frilled lizards (D:1)
  2 rats
30 creatures vanquished.

Table legend:
 A = Non-vault XP
 B = Vault XP
 C = Vault XP percentage of total XP
 D = Non-vault monster count
 E = Vault monster count
 F = Vault count percentage of total count
                 A         B        C        D         E       F
            +---------+---------+-------+---------+---------+-------
      Total |      35 |      18 |  34.0 |      21 |       9 |  30.0
            +---------+---------+-------+---------+---------+-------
        D:1 |      23 |       0 |   0.0 |      14 |       0 |   0.0
        D:2 |      12 |      18 |  60.0 |       7 |       9 |  56.2
            +---------+---------+-------+---------+---------+-------

Illustrated notes

Table legend:
 A = Kills in this place as a percentage of kills in entire the game.
 B = Kills by you in this place as a percentage of kills by you in the entire game.
 C = Kills by friends in this place as a percentage of kills by friends in the entire game.
 D = Other kills in this place as a percentage of other kills in the entire game.
 E = Experience gained in this place as a percentage of experience gained in the entire game.
 F = Experience gained in this place divided by the number of levels of this place that you have seen.
                   A       B       C       D       E      F
               +-------+-------+-------+-------+-------+----------------------
         Total | 100.0 | 100.0 |   N/A |   N/A | 100.0 |  26.5
       Dungeon | 100.0 | 100.0 |   N/A |   N/A | 100.0 |  26.5
               +-------+-------+-------+-------+-------+----------------------

Table legend: (Time is in decaauts)
 A = Elapsed time spent in this place.
 B = Non-inter-level travel time spent in this place.
 C = Inter-level travel time spent in this place.
 D = Time resting spent in this place.
 E = Time spent auto-exploring this place.
 F = Levels seen in this place.
 G = Mean time per level.
                   A        B        C        D        E       F      G
               +--------+--------+--------+--------+--------+-----+--------+
         Total |   1386 |   1329 |     57 |     31 |   1101 |   2 |  693.0 |
       Dungeon |   1386 |   1329 |     57 |     31 |   1101 |   2 |  693.0 |
               +--------+--------+--------+--------+--------+-----+--------+

Top non-repeatable levels by time:
     D:1: 1073 daAuts
     D:2: 313 daAuts
